 Dungeon Sprint DCSS version 0.31-a0-1458-g2f8d4710b4 (webtiles) character file.

Game seed: 664928583559003969

4362 Groucho the Unseen (level 10, -9/51 HPs)
             Began as a Spriggan Enchanter on Dec 28, 2023.
             Was an Elder of Dithmenos.
             Succumbed to poison (dark miasma)
             ... in the Dungeon (Sprint II: "The Violet Keep of Menkaure").
             The game lasted 00:08:13 (900 turns).

Groucho the Unseen (Spriggan Enchanter)              Turns: 900, Time: 00:08:14

Health: -9/51      AC:  2    Str:  4    XL:     10   Next: 12%
Magic:  1/21       EV: 19    Int: 27    God:    Dithmenos [****..]
Gold:   315        SH:  0    Dex: 16    Spells: 6/23 levels left

rFire   . . .        a - +1 dagger
rCold   . . .        (no shield)
rNeg    . . .        b - +0 robe
rPois   .            (helmet restricted)
rElec   .            (no cloak)
rCorr   .            (gloves unavailable)
SInv    +            (boots unavailable)
Will    +....        (no amulet)
Stlth   +++++++++    d - +6 ring of intelligence
HPRegen 0.28/turn    (no ring)
MPRegen 0.17/turn

%: no teleportation
@: lethally poisoned (-9 -> -67), wreathed by umbra, very quick
A: very small, no large weapons, unfitting armour, see invisible, speed 3
a: Renounce Religion, Shadow Step


You were in the Dungeon.
You worshipped Dithmenos.
Dithmenos was greatly pleased with you.
You visited 1 branch You collected 1215 gold pieces.
You spent 900 gold pieces at shops.

Inventory:

Hand Weapons
 a - a +1 dagger (weapon)
Armour
 b - a +0 robe (worn)
Jewellery
 d - a +6 ring of intelligence (left hand)
Potions
 c - a potion of invisibility
 g - 2 potions of magic
 h - a potion of berserk rage


   Skills:
 - Level 5.0 Fighting
 + Level 7.4 Short Blades
 - Level 5.0 Dodging
 - Level 15.0 Stealth
 - Level 7.0 Spellcasting
 - Level 14.0 Hexes
 * Level 9.4 Fire Magic
 * Level 10.1 Air Magic


You had 6 spell levels left.
You knew the following spells:

 Your Spells              Type           Power      Damage    Failure   Level
a - Ensorcelled Hibernat  Hex/Ice        94%        N/A       1%          2
b - Confusing Touch       Hex            71%        N/A       1%          3
c - Dazzling Flash        Conj/Hex       94%        N/A       1%          3
d - Tukima's Dance        Hex            71%        N/A       1%          3
e - Plasma Beam           Fire/Air       29%        2x1d41    16%         6

Your spell library contained the following spells:

 Spells                   Type           Power      Damage    Failure   Level
 Vhi's Electric Charge    Tloc/Air       72%        N/A       8%          4
 Arcjolt                  Conj/Air       18%        1d28      21%         5


Dungeon Overview and Level Annotations

Branches:
Dungeon (1/1)

Altars:
Cheibriados
Dithmenos
Elyvilon
Fedhas
Gozag
Hepliaklqana
Kikubaaqudgha
Makhleb
Nemelex Xobeh
Okawaru
Qazlal
Ru
Sif Muna
Trog
Uskayaw
Vehumet
Wu Jian
Xom
Yredelemnul
Zin
The Shining One
Jiyva
Lugonu

Shops:
D :?[:[*!(??:*!==

Annotations:
D exclusion: oklob plant


Innate Abilities, Weirdness & Mutations

You are very small and have problems with some larger weapons.
You are too small for most types of armour.
You have supernaturally acute eyesight. (SInv)
You cover ground extremely quickly. (Speed+++)


Message History

You kill the death drake!
Dithmenos accepts your kill.
You are engulfed in dark miasma.
You are poisoned.
You feel extremely sick.
You hear a shout!
The death drake breathes miasma at you. The foul vapour engulfs you!
You are lethally poisoned!
Your Short Blades skill increases to level 7!
Your Fire Magic skill increases to level 9!
Your Air Magic skill increases to level 10!
You have reached level 10!
You feel clever.
Okay, then.
You aren't carrying any scrolls.
Unknown command.
You aren't carrying any scrolls.
Unknown command.
You are engulfed in dark miasma.
You are more poisoned.
* * * LOW HITPOINT WARNING * * *
You feel extremely sick. The death drake bites you.
* * * LOW HITPOINT WARNING * * *
Unknown command.
Unknown command.
Unknown command.
Casting: Plasma Beam (extremely dangerous; 16% risk of failure)
Confirm with . or Enter, or press ? or * to list all spells.
Casting: Plasma Beam (extremely dangerous; 16% risk of failure)
Press: ? - help, Dir - look around, f - activate The bolt of lightning hits the death drake.
The death drake is severely wounded.
The bolt of lightning hits the crystal guardian but does no damage.
The fiery plasma hits the death drake!!
The death drake is almost dead.
The fiery plasma hits the crystal guardian.
The crystal guardian completely resists.
You die...

§§°≈≈ ≈○≈ #++# z≈≈ ^..### ≈§≈
....# ++#++ ...# ## ...... ..#
.# ##+# .. ####^# 9#
##.###.####..'^##k# ..#..#
...#..#..@####
#.#.####..#####.^##.# [$[
##'###.##..#..'.^#..#▓((($!
##.##...#..#..#..#..#▓$(([(!
'.<.'###'..####..##)#▓!?[()!?
##.##...#....###...##▓▓▓▓▓▓▓+
##'###.##..§...~~~~~~~~~~~~~
#.#.####~~.....~#'########+###
..##.#~~~§~§~§.~#._._._..#~§~#


You could see a death drake and a crystal guardian.

Vanquished Creatures
  2 boulder beetles (D)
  A death drake (D)
  A yaktaur (D)
  3 polar bears (D)
  A hornet (D)
  A blink frog (D)
  3 wyverns (D)
  Menkaure (D)
  A swamp drake (D)
  4 crocodiles (D)
  4 necrophages (D)
  4 scorpions (D)
  3 worms (D)
29 creatures vanquished.

Notes
Turn   | Place    | Note
-------+----------+-------------------------------------------
     0 | D        | Groucho the Spriggan Enchanter began the quest for the Orb.
     0 | D        | Reached XP level 1. HP: 9/9 MP: 5/5
     3 | D        | Noticed a scorpion
     3 | D        | Noticed a scorpion
     3 | D        | Noticed a scorpion
     3 | D        | Noticed a scorpion
     6 | D        | Killed a scorpion
     7 | D        | Reached skill level 6 in Stealth
     7 | D        | Reached skill level 5 in Hexes
     7 | D        | Reached XP level 2. HP: 15/15 MP: 6/8
     7 | D        | Reached XP level 3. HP: 18/18 MP: 6/9
     7 | D        | Killed a scorpion
     8 | D        | Reached skill level 5 in Dodging
     8 | D        | Reached skill level 7 in Stealth
     8 | D        | Reached skill level 5 in Spellcasting
     8 | D        | Reached XP level 4. HP: 25/25 MP: 7/12
    10 | D        | Killed a scorpion
    11 | D        | Reached skill level 5 in Short Blades
    11 | D        | Reached skill level 9 in Stealth
    11 | D        | Reached XP level 5. HP: 30/30 MP: 7/13
    14 | D        | Reached skill level 5 in Fighting
    14 | D        | Reached skill level 11 in Stealth
    22 | D        | Noticed a boulder beetle
    22 | D        | Noticed a boulder beetle
    29 | D        | Reached skill level 12 in Stealth
    40 | D        | Reached skill level 14 in Stealth
    40 | D        | Reached XP level 6. HP: 35/35 MP: 9/14
    41 | D        | Reached skill level 15 in Stealth
    80 | D        | Learned a level 2 spell: Ensorcelled Hibernation
    84 | D        | Learned a level 3 spell: Confusing Touch
    88 | D        | Learned a level 3 spell: Dazzling Flash
    92 | D        | Learned a level 3 spell: Tukima's Dance
   100 | D        | Noticed an orange crystal statue
   111 | D        | Found Daprezaps's Antique Weapon Shoppe.
   111 | D        | Found Nysonaaq's Book Shoppe.
   111 | D        | Found Yluklugg's Distillery.
   111 | D        | Found Sooskuf's Distillery.
   111 | D        | Found Vuzief's Jewellery Shoppe.
   111 | D        | Found Jukag's Magic Scroll Emporium.
   112 | D        | Found Eschu's Jewellery Emporium.
   112 | D        | Found Jakhlul's Magic Scroll Shoppe.
   112 | D        | Found Kaotiud's Antique Armour Shoppe.
   112 | D        | Found Isegusomn's Book Emporium.
   113 | D        | Found Ylityiqy's Antique Armour Shoppe.
   113 | D        | Found Tock's Assorted Antiques.
   113 | D        | Found Weireuh's General Store.
   113 | D        | Found Ryvism's Magic Scroll Emporium.
   113 | D        | Noticed Menkaure
   128 | D        | Killed Menkaure
   129 | D        | Reached skill level 10 in Hexes
   129 | D        | Reached XP level 7. HP: 20/39 MP: 11/15
   131 | D        | Noticed an ice dragon
   131 | D        | Noticed an oklob plant
   132 | D        | Found Matoy's Book Shoppe.
   135 | D        | Noticed a great orb of eyes
   153 | D        | Bought a book of Lightning for 504 gold pieces
   182 | D        | Killed a boulder beetle
   183 | D        | Reached XP level 8. HP: 32/43 MP: 16/16
   189 | D        | Killed a boulder beetle
   190 | D        | Reached skill level 5 in Fire Magic
   198 | D        | Found a glowing silver altar of Zin.
   199 | D        | Found a glowing golden altar of the Shining One.
   199 | D        | Found a basalt altar of Yredelemnul.
   199 | D        | Found a hide-covered altar of Uskayaw.
   200 | D        | Found a shimmering altar of Xom.
   200 | D        | Found a bloodstained altar of Trog.
   201 | D        | Found an ornate altar of the Wu Jian Council.
   201 | D        | Found a shimmering blue altar of Sif Muna.
   201 | D        | Found a corrupted altar of Lugonu.
   201 | D        | Found a radiant altar of Vehumet.
   201 | D        | Found a burning altar of Makhleb.
   202 | D        | Found a sacrificial altar of Ru.
   202 | D        | Found an ancient bone altar of Kikubaaqudgha.
   202 | D        | Found a white marble altar of Elyvilon.
   203 | D        | Found a stormy altar of Qazlal.
   203 | D        | Found a viscous altar of Jiyva.
   203 | D        | Found a shadowy altar of Dithmenos.
   204 | D        | Found a hazy altar of Hepliaklqana.
   204 | D        | Found a snail-covered altar of Cheibriados.
   206 | D        | Found a sparkling altar of Nemelex Xobeh.
   206 | D        | Found a blossoming altar of Fedhas.
   207 | D        | Found an opulent altar of Gozag.
   207 | D        | Found an iron altar of Okawaru.
   212 | D        | Became a worshipper of Dithmenos the Shadowed
   228 | D        | Reached * piety under Dithmenos
   229 | D        | Reached XP level 9. HP: 45/47 MP: 8/17
   238 | D        | Learned a level 6 spell: Plasma Beam
   251 | D        | Reached ** piety under Dithmenos
   523 | D        | Noticed a yaktaur
   523 | D        | Noticed a polar bear
   524 | D        | Noticed a polar bear
   524 | D        | Noticed a polar bear
   534 | D        | Killed a polar bear
   543 | D        | Killed a polar bear
   547 | D        | Killed a polar bear
   547 | D        | Reached *** piety under Dithmenos
   555 | D        | Killed a yaktaur
   850 | D        | Bought a +6 ring of intelligence for 396 gold pieces
   889 | D        | Noticed a death drake
   895 | D        | Noticed a crystal guardian
   896 | D        | Noticed a death drake
   896 | D        | Reached **** piety under Dithmenos
   898 | D        | Killed a death drake
   899 | D        | Reached skill level 10 in Air Magic
   899 | D        | Reached XP level 10. HP: 26/51 MP: 6/21
   900 | D        | Succumbed to poison (dark miasma)

Illustrated notes

Levels and vault maps discovered:
D:        the_violet_keep_of_menkaure [sprint2_stairs_cluster_1,
          sprint2_shoproom, sprint2_temple, sprint2_basic_supplies,
          sprint2_obstacle_4, sprint2_obstacle_6, sprint2_obstacle_1,
          sprint2_obstacle_5, sprint2_obstacle_3, sprint2_timed_cluster_1,
          sprint2_smallroom_cluster_1, sprint2_smallroom_final_cluster_1,
          sprint2_transparent_cluster_1, sprint2_second_timed_cluster_1,
          sprint2_sniper_area_1, sprint2_heavy_combat_area_1,
          sprint2_mutation_trap_area_1, sprint2_forest_area_1,
          sprint2_light_combat_area_1, sprint2_behind_water_1,
          sprint2_near_end_vault_1]

Skill      XL: |  1  2  3  4  5  6  7  8  9 |
---------------+----------------------------+-----
Fighting       | 2 3 4 5 |  5.0
Short Blades   | 3 4 5 7 |  7.4
Dodging        | 4 5 |  5.0
Stealth        | 6 7 9 14 15 | 15.0
Spellcasting   | 4 5 7 |  7.0
Hexes          | 5 10 13 14 | 14.0
Fire Magic     | 3 6 9 |  9.4
Air Magic      | 4 6 10 | 10.1

Action                     |  1- 3 |  4- 6 |  7- 9 | 10-12 || total
---------------------------+-------+-------+-------+-------++-------
  Melee: Dagger            |     2 |    39 |    32 |       ||    73
         Punch             |       |       |     2 |       ||     2
   Cast: Confusing Touch   |       |     1 |     3 |       ||     4
         Ensorcelled Hiber |       |       |    10 |       ||    10
         Plasma Beam       |       |       |     2 |     1 ||     3
    Use: Potion            |     2 |       |     2 |       ||     4
         Scroll            |       |       |     1 |       ||     1
   Stab: Sleeping          |     2 |     7 |    14 |       ||    23
         Invisible         |       |     1 |       |       ||     1
         Confused          |       |     1 |     5 |       ||     6
 Armour: Robe              |       |     8 |     9 |     1 ||    18
  Dodge: Dodged            |       |     6 |    27 |       ||    33

Table legend: (Time is in decaauts)
 A = Elapsed time spent in this place.
 B = Non-inter-level travel time spent in this place.
 C = Inter-level travel time spent in this place.
 D = Time resting spent in this place.
 E = Time spent auto-exploring this place.
 F = Levels seen in this place.
 G = Mean time per level.
                   A        B        C        D        E       F      G
               +--------+--------+--------+--------+--------+-----+--------+
         Total |    774 |    774 |      0 |    495 |      0 |   1 |  774.0 |
       Dungeon |    774 |    774 |      0 |    495 |      0 |   1 |  774.0 |
               +--------+--------+--------+--------+--------+-----+--------+

Top non-repeatable levels by time:
       D: 774 daAuts
